 Dungeon Crawl Stone Soup version 0.29.0-7-g18a832c13a (webtiles) character file.

Game seed: 9163506642907149995

13082 Arum the Fighter (level 12, -7/92 HPs)
             Began as a Formicid Fighter on Aug 30, 2022.
             Was a High Priest of Hepliaklqana.
             Killed from afar by an ironbound thunderhulk (40 damage)
             ... with a bolt of lightning
             ... summoned by a worldbinder
             ... on level 2 of the Abyss.
             The game lasted 00:17:31 (10353 turns).

Arum the Fighter (Formicid Fighter)                Turns: 10353, Time: 00:17:32

Health: -7/92      AC: 21    Str: 27    XL:     12   Next: 28%
Magic:  6/12       EV: 10    Int:  7    God:    Hepliaklqana [*****.]
Gold:   32         SH: 25    Dex: 13    Spells: 11/11 levels left

rFire   . . .      SeeInvis +   a - +0 quarterstaff (vorpal)
rCold   . . .      Faith    +   n - +10 tower shield of Ignorance {rN+ Int-4}
rNeg    + + .      Spirit   .   x - +8 chain mail "Ezycycw" {Int+4}
rPois   .          Reflect  .   (helmet unavailable)
rElec   .          Harm     .   (no cloak)
rCorr   .          Rampage  .   (no gloves)
Will    +....                   h - +0 pair of boots
Stlth   ..........              q - amulet of faith
HPRegen 0.00/turn               l - ring of positive energy
MPRegen 0.13/turn               A - +4 ring of evasion

@: mighty, sick
A: reduced essence, permanent stasis, dig shafts and tunnels, antennae 3, four
strong arms
a: Dig, Shaft Self, Renounce Religion, Recall Ancestor, Ancestor Identity,
Transference, Idealise


You were on level 2 of the Abyss.
You worshipped Hepliaklqana.
Hepliaklqana was extremely pleased with you.
You visited 1 branch of the dungeon, and saw 10 of its levels.
You visited the Abyss 1 time.

You collected 637 gold pieces.
You spent 605 gold pieces at shops.

Inventory:

Hand Weapons
 a - a +0 vorpal quarterstaff (weapon)
 s - the +9 rapier "Nykeilih" {vorpal, rN+++ Will+ MP+9 Int-5}
   (You found it on level 4 of the Dungeon)

   It inflicts extra damage upon your enemies.
   Int:       It affects your intelligence (-5).
   rN:        It renders you almost immune to negative energy.
   MP:        It affects your magic capacity (+9).
   Will:      It increases your willpower.
Missiles
 B - 2 throwing nets
Armour
 c - a +0 buckler
 h - a +0 pair of boots (worn)
 n - the +10 tower shield of Ignorance (worn) {rN+ Int-4}
   (You found it on level 8 of the Dungeon)

   Int:       It affects your intelligence (-4).
   rN:        It protects you from negative energy.
 x - the +8 chain mail "Ezycycw" (worn) {Int+4}
   (You bought it in a shop on level 2 of the Dungeon)

   Int:       It affects your intelligence (+4).
Jewellery
 l - a ring of positive energy (left hand)
 q - an amulet of faith (around neck)
 y - a +6 ring of intelligence
 A - a +4 ring of evasion (right hand)
 F - a ring of flight
Wands
 b - a wand of quicksilver (9)
 p - a wand of flame (29)
 w - a wand of roots (6)
 C - a wand of digging (4)
Scrolls
 f - a scroll of fear {unknown}
 k - a scroll of torment
 t - a scroll of vulnerability
 v - 2 scrolls of poison {unknown}
 E - a scroll of noise {unknown}
 G - a scroll of enchant armour {unknown}
Potions
 d - a potion of might
 e - 8 potions of curing
 g - a potion of resistance
 i - 2 potions of flight
 j - 3 potions of mutation
 m - 4 potions of lignification
 o - 2 potions of ambrosia
 r - 4 potions of heal wounds
 H - a potion of cancellation


   Skills:
 + Level 12.4 Fighting
 + Level 11.2 Staves
 - Level 10.5 Armour
 + Level 9.1 Shields


You had 11 spell levels left.
You didn't know any spells.
Your spell library contained the following spells:

 Spells                   Type           Power      Damage    Failure   Level
 Beastly Appendage        Tmut           0%         N/A       100%        1
 Sublimation of Blood     Necr           0%         N/A       100%        2
 Wereblood                Tmut           0%         N/A       100%        2
 Spider Form              Tmut/Pois      0%         N/A       100%        3
 Summon Guardian Golem    Hex/Summ       0%         N/A       100%        3
 Passage of Golubria      Tloc           0%         N/A       100%        4
 Silence                  Hex/Air        0%         N/A       100%        5
 Summon Hydra             Summ           0%         N/A       100%        7
 Lehudib's Crystal Spear  Conj/Erth      0%         10d2      100%        8
 Summon Horrible Things   Summ           0%         N/A       100%        8


Dungeon Overview and Level Annotations

Branches:
Dungeon (10/15)            Temple (0/1) D:4             Orc (0/2) D:9
   Lair: D:8-11

Altars:
Dithmenos
Hepliaklqana
Makhleb
Ru
Trog
Vehumet
The Shining One

Shops:
D:2 [   D:9 [(   D:10 !![

Annotations:
D:8 2 transporters, exclusion: 4 orange crystal statues, sanka's ghost, novice TrCA


Innate Abilities, Weirdness & Mutations

Your life essence is reduced to manifest your ancestor. (-10% HP)
You cannot be hasted, slowed, berserked, paralysed or teleported.
You can dig through walls and to a lower floor.
You have a pair of large antennae on your head. (SInv)
Your four strong arms can wield two-handed weapons with a shield.


Message History

You thump the lorocyproca!
The lorocyproca is almost dead.
You sock the lorocyproca!
The lorocyproca is almost dead.
You block the lorocyproca's attack.
A worldbinder comes into view.
You hit the lorocyproca but do no damage.
The lorocyproca is almost dead.
The lorocyproca closely misses you.
You sock the lorocyproca!
You kill the lorocyproca!
The worldbinder calls forth creatures from the Vaults!
Your Shields skill increases to level 9!
Unknown command.
The white very ugly thing gurgles horribly!
You block the worldbinder's attack. x3; The worldbinder misses you.
Strange energies crackle from the ironbound thunderhulk's apparatus.
The ironbound thunderhulk blinks!
Unknown command.
You barely miss the worldbinder. The worldbinder barely misses you.
You block the worldbinder's attack.
You block the white very ugly thing's attack.
Strange energies crackle from the ironbound thunderhulk's apparatus.
The ironbound thunderhulk blinks!
Unknown command.
You sock the worldbinder!
The worldbinder is moderately damaged.
You block the worldbinder's attack. The worldbinder barely misses you.
You block the white very ugly thing's attack.
Unknown command.
You sock the worldbinder!
The worldbinder is almost destroyed.
You block the worldbinder's attack. x2; The worldbinder hits you.
The worldbinder closely misses you.
The white very ugly thing pecks you but does no damage.
Strange energies crackle from the ironbound thunderhulk's apparatus.
The ironbound thunderhulk blinks!
Electricity crackles from the ironbound thunderhulk's apparatus.
The bolt of lightning hits you!!!
You die...

.#.. ... #
.###. ###..
. .. #...
#. #O# #
#.# #.#
##@# #§xu.#
..
..##...>O##
#.#. ..#..#
# . #.# ##
.. .# .# ..
.# ...


You could see a white very ugly thing (summoned), 2 ironbound thunderhulks and a
worldbinder.

Vanquished Creatures
  A lorocyproca (Abyss:2)
  A great orb of eyes (Abyss:2)
  A boulder beetle (D:9)
  A two-headed ogre (D:9)
  Pikel (D:7)
  A smoke demon (Abyss:2)
  A freezing wraith (Abyss:2)
  A kobold demonologist (D:10)
  2 ancient zymes (Abyss:2)
  A hornet (D:8)
  A troll (D:10)
  3 large abominations (Abyss:2)
  A shadow (D:10)
  5 yaks (D:8)
  A steam dragon (D:8)
  Grum (D:8)
  An acid dragon (D:9)
  A water moccasin (D:7)
  6 orc warriors (D:9)
  A black bear (D:8)
  2 ice beasts
  3 centaurs
  2 ogres
  3 wolves (D:8)
  A kobold brigand (D:7)
  4 bullfrogs
  Blork the orc (D:4)
  A gnoll sergeant (D:8)
  A small abomination (Abyss:2)
  A necrophage (D:7)
  A scorpion (D:5)
  8 wights
  2 killer bees (D:9)
  3 howler monkeys (D:7)
  2 hounds
  2 orc priests
  A jelly (D:6)
  A gnoll bouda (D:4)
  3 iguanas (D:6)
  Ijyb (D:3)
  Natasha (thrice) (D:3)
  9 orc wizards
  12 gnolls
  3 adders
  2 shadow imps
  An ufetubus (Abyss:2)
  2 worms (D:2)
  A dart slug (D:4)
  14 orcs
  4 ball pythons
  7 endoplasms
  4 giant cockroaches
  3 goblins
  3 hobgoblins
  5 jackals
  9 kobolds
  6 quokkas
  5 bats
  3 frilled lizards
  4 rats
175 creatures vanquished.

Vanquished Creatures (collateral kills)
  Nergalle (D:9)
  A deep elf pyromancer (D:10)
  Prince Ribbit (D:6)
  A vampire (D:9)
  Eustachio (D:5)
  2 orc warriors
  An ice beast (D:5)
  A phantom (D:4)
  A centaur (D:5)
  A bullfrog (D:7)
  A necrophage (D:5)
  2 gnoll sergeants
  A scorpion (D:7)
  A wight (D:8)
  A killer bee (D:9)
  A howler monkey (D:9)
  A jelly (D:6)
  A hound (D:6)
  An orc priest (D:5)
  An iguana (D:5)
  An orc wizard (D:6)
  3 gnolls
  6 orcs
  A ball python (D:4)
  A bat (D:3)
  An endoplasm (D:3)
  A giant cockroach (D:1)
  A goblin (D:2)
  A hobgoblin (D:7)
  2 kobolds
  A quokka (D:1)
  A rat (D:3)
42 creatures vanquished.

Vanquished Creatures (others)
  A wizard (D:10)
  4 hexers
  5 plants (D:2)
10 creatures vanquished.

Grand Total: 227 creatures vanquished

Notes
Turn   | Place    | Note
-------+----------+-------------------------------------------
     0 | D:1      | Arum the Formicid Fighter began the quest for the Orb.
     0 | D:1      | Reached XP level 1. HP: 18/18 MP: 1/1
   168 | D:1      | Reached XP level 2. HP: 24/24 MP: 2/2
   363 | D:1      | Found a faded altar of an unknown god.
   379 | D:1      | Prayed at the altar of an unknown god.
   379 | D:1      | Became a worshipper of Hepliaklqana the Forgotten
   379 | D:1      | Reached * piety under Hepliaklqana
   435 | D:1      | You fall into a shaft and drop 1 floor!
   609 | D:2      | Reached XP level 3. HP: 11/27 MP: 3/3
  1434 | D:2      | Reached ** piety under Hepliaklqana
  1435 | D:2      | Remembered your ancestor Beorhtric as a hexer
  1544 | D:2      | Found Guxkus's Antique Armour Emporium.
  1627 | D:2      | Reached XP level 4. HP: 30/33 MP: 4/4
  1884 | D:3      | Reached skill level 4 in Fighting
  2101 | D:3      | Found a glowing golden altar of the Shining One.
  2108 | D:3      | Noticed Natasha
  2115 | D:3      | Killed Natasha
  2154 | D:3      | Noticed Ijyb
  2170 | D:3      | Killed Ijyb
  2171 | D:3      | Reached XP level 5. HP: 32/38 MP: 5/5
  2686 | D:3      | Noticed Natasha
  2693 | D:3      | Killed Natasha
  2775 | D:3      | Noticed Natasha
  2780 | D:3      | Killed Natasha
  2824 | D:4      | Noticed Blork the orc
  2831 | D:4      | Killed Blork the orc
  2832 | D:4      | Reached skill level 5 in Armour
  2832 | D:4      | Reached XP level 6. HP: 30/45 MP: 6/6
  2837 | D:4      | Identified the +9 rapier "Nykeilih" {vorpal, rN+++ Will+
                  | MP+9 Int-5}
  3001 | D:4      | Found a staircase to the Ecumenical Temple.
  3102 | D:4      | Reached skill level 5 in Fighting
  3259 | D:4      | Reached *** piety under Hepliaklqana
  3266 | D:4      | Reached XP level 7. HP: 46/50 MP: 7/7
  3931 | D:2      | Bought a brightly glowing chain mail for 190 gold pieces
  3931 | D:2      | Identified the +8 chain mail "Ezycycw" {Int+4} (You bought
                  | it in a shop on level 2 of the Dungeon)
  4031 | D:5      | Entered Level 5 of the Dungeon
  4128 | D:5      | Reached skill level 6 in Fighting
  4167 | D:5      | Reached skill level 5 in Staves
  4167 | D:5      | Reached XP level 8. HP: 57/57 MP: 8/8
  4691 | D:5      | Found a sacrificial altar of Ru.
  4785 | D:5      | Noticed Eustachio
  4809 | D:5      | Killed Eustachio
  4810 | D:5      | Reached skill level 7 in Fighting
  5092 | D:6      | Reached **** piety under Hepliaklqana
  5121 | D:6      | Reached XP level 9. HP: 56/64 MP: 9/9
  5340 | D:6      | Noticed Prince Ribbit
  5347 | D:6      | Killed Prince Ribbit
  5439 | D:6      | Reached skill level 8 in Fighting
  5795 | D:6      | Found a shadowy altar of Dithmenos.
  5795 | D:6      | Found a radiant altar of Vehumet.
  6009 | D:7      | Noticed Pikel
  6023 | D:7      | Killed Pikel
  6024 | D:7      | Reached XP level 10. HP: 48/73 MP: 10/10
  6026 | D:7      | Reached skill level 9 in Fighting
  6947 | D:8      | Noticed a two-headed ogre
  6960 | D:8      | Found a bloodstained altar of Trog.
  6960 | D:8      | Noticed sanka's ghost (novice TrCA)
  6963 | D:8      | Noticed a moth of wrath
  6983 | D:8      | Noticed Grum
  7002 | D:8      | Killed Grum
  7028 | D:8      | Reached skill level 10 in Fighting
  7028 | D:8      | Reached skill level 10 in Armour
  7432 | D:8      | Reached XP level 11. HP: 14/82 MP: 11/11
  7739 | D:8      | Found a bloodstained altar of Trog.
  7955 | D:8      | Reached ***** piety under Hepliaklqana
  7993 | D:8      | Found a transporter.
  8008 | D:8      | Found a transporter.
  8081 | D:8      | Found the +10 tower shield of Ignorance {rN+ Int-4}
  8088 | D:8      | Found a runed translucent door.
  8125 | D:8      | Noticed an orange crystal statue
  8125 | D:8      | Noticed an orange crystal statue
  8125 | D:8      | Noticed an orange crystal statue
  8125 | D:8      | Noticed an orange crystal statue
  8222 | D:8      | Found a runed translucent door.
  8658 | D:9      | Noticed a two-headed ogre
  8668 | D:9      | Killed a two-headed ogre
  8669 | D:9      | Reached skill level 5 in Shields
  8710 | D:9      | Found Hatitad's Armour Shoppe.
  8711 | D:9      | Found a burning altar of Makhleb.
  8711 | D:9      | Noticed a cacodemon
  8712 | D:9      | Found a staircase to the Orcish Mines.
  8738 | D:9      | Reached skill level 11 in Fighting
  8750 | D:9      | Found Zirgho Kiah's Weapon Shoppe.
  8842 | D:9      | Noticed a boulder beetle
  8875 | D:9      | Killed a boulder beetle
  8876 | D:9      | Reached skill level 10 in Staves
  9608 | D:10     | Entered Level 10 of the Dungeon
  9608 | D:10     | Noticed Nergalle
  9702 | D:9      | Killed Nergalle
  9745 | D:10     | Noticed a wizard
  9750 | D:10     | Killed a wizard
  9790 | D:10     | Got Zyfitide's Almanac of Axaxaxas mlö
  9811 | D:10     | Noticed a deep elf pyromancer
  9820 | D:10     | Killed a deep elf pyromancer
  9922 | D:10     | Found Xoitin's Antique Armour Emporium.
  9943 | D:10     | Found Buesmas's Distillery.
  9951 | D:10     | Bought a potion of curing for 30 gold pieces
  9951 | D:10     | Bought a potion of curing for 30 gold pieces
  9951 | D:10     | Bought a potion of heal wounds for 50 gold pieces
  9951 | D:10     | Bought a potion of ambrosia for 80 gold pieces
  9951 | D:10     | Bought a potion of resistance for 100 gold pieces
  9951 | D:10     | Bought 2 potions of curing for 60 gold pieces
  9972 | D:10     | Found Xaevvyus's Distillery.
  9977 | D:10     | Bought a potion of heal wounds for 65 gold pieces
  9992 | D:10     | Noticed a wizard
  9994 | Abyss:2  | Found a corrupted altar of Lugonu.
  9994 | Abyss:2  | Cast into level 2 of the Abyss (a wizard)
 10076 | Abyss:2  | Noticed a great orb of eyes
 10084 | Abyss:2  | Killed a great orb of eyes
 10085 | Abyss:2  | Reached skill level 12 in Fighting
 10085 | Abyss:2  | Reached XP level 12. HP: 72/91 MP: 2/12
 10330 | Abyss:2  | Noticed a lorocyproca
 10349 | Abyss:2  | Killed a lorocyproca
 10350 | Abyss:2  | Noticed an ironbound thunderhulk
 10350 | Abyss:2  | Noticed an ironbound thunderhulk
 10350 | Abyss:2  | Noticed a white very ugly thing
 10353 | Abyss:2  | Killed from afar by an ironbound thunderhulk

Illustrated notes

Levels and vault maps discovered:
D:1:      eino_arrival_cavern_e, layout_basic,
          hellmonk_ecumenical_altar_arch_garden
D:2:      layout_basic, serial_shops, nicolae_shop_overgrown_old_shop,
          nicolae_elevator_lobby_plus
D:3:      layout_loops_cross, mainiacjoe_overflow_24_doors, uniq_natasha,
          uniq_ijyb
D:4:      layout_basic, minmay_temple_entry_offerings, fountainhead,
          kennysheep_generic_room_6, uniq_blork_the_orc
D:5:      layout_cave_pods, old_standard_altar, uniq_eustachio
D:6:      layout_loops_cross, nicolae_overflow_two_pavilions,
          uniq_prince_ribbit1
D:7:      layout_loops_ring, corexii_checkpoint_a, uniq_pikel
D:8:      layout_basic, mainiacjoe_overflow_alcove_2,
          gammafunk_ghost_wrathful_warriors, chequers_guarded_unrand_ignorance,
          uniq_grum
D:9:      hellmonk_crumbling_castle, layout_loops_cross,
          makhleb_altar_promises_db, orc_david_3, minmay_misc_feat_ornament
D:10:     layout_cave_pools, serial_shops, nicolae_shop_hallway_stairs,
          nicolae_shop_stone, shop, nicolae_shop_behind_doors, serial_rivers,
          chequers_serial_rivers_small_a, chequers_serial_rivers_large_b,
          chequers_serial_rivers_micro_e, chequers_serial_rivers_micro_c,
          chequers_serial_rivers_marsh, chequers_serial_rivers_small_b,
          bh_hangedman_babel_library, uniq_nergalle
Abyss:2:  base: D:3, hangedman_abyss_stitches_cave

Skill      XL: |  1  2  3  4  5  6  7  8  9 10 11 12 |
---------------+-------------------------------------+-----
Armour         | 4 5 6 7 9 10 | 10.5
Fighting       | 4 5 6 7 8 10 12 | 12.4
Staves         | 3 4 5 6 7 9 10 11 | 11.2
Shields        | 8 9 |  9.1

Action                   |  1- 3 |  4- 6 |  7- 9 | 10-12 || total
-------------------------+-------+-------+-------+-------++-------
Melee: Quarterstaff      |    91 |    95 |   192 |   435 ||   813
Invok: Ancestor Identity |     1 |       |       |       ||     1
       Ancestor Life: He |     1 |       |       |       ||     1
       Recall Ancestor   |       |     1 |       |       ||     1
 Abil: Dig               |       |       |       |     1 ||     1
  Use: Scroll            |       |       |     5 |     9 ||    14
       Potion            |       |       |     1 |     8 ||     9
 Stab: Confused          |       |     4 |     6 |     9 ||    19
       Distracted        |       |     2 |     1 |     4 ||     7
Armor: Scale mail        |    46 |    34 |     9 |       ||    89
       Chain mail        |       |       |    84 |   135 ||   219
       Skin              |       |       |    14 |       ||    14
Dodge: Dodged            |    30 |    21 |    73 |   150 ||   274
Block: Buckler           |    21 |    15 |    33 |    43 ||   112
       Tower shield      |       |       |       |   265 ||   265
